Unix xNetHack Version 7.1.0 - last build Dec 11 2022 15:18:36 (91bc4d2507b4b34ac92889b06d50a936f6bde808). Game began 2022-12-29 21:03:06, ended 2022-12-29 21:47:56. UristMcRaven, chaotic female elven Wizard --- ---- --.--------- --..| |......|...-- ---------...-- --...|......--------...^.....^..-- ------- ---.----.....^..*...*---------...| |.....-- --...| |..------------ ----.| |.>....| --------..--- --..| ---.-|.| --....-- |..........| --.| --....|.| |)|..| ----...-----.-- |.-- ----- |.......--- |.|-----.|.....| --- |..| ----.%.---- |.....<| |.| |.....|.-- --.| |.).)..^%| --.....- --.-----.....|-- |.| --....---....- --.....| |...........-- |.|--.....-- ...- -----.- |..---------- |.||.......| ....| .. ---- |.|--......| --.| -.. |.----.@..-- -- .. ---..---d..-| -.. |......[....| -.. |...|.......| .. --.---..|.--- --- --- ------ UristMcRaven the Thaumaturge St:5 Dx:13 Co:16 In:18 Wi:10 Ch:11 Chaotic Dlvl:7 $:447 HP:0(48) Pw:59(76) AC:9 Xp:7/1016 T:5757 Satiated Burdened Latest messages: You are hit by the 2nd arrow! You recoil from the touch of iron! You are hit by the 3rd arrow! You recoil from the touch of iron! There are a few objects here. There are a few objects here. The gnome lord throws 2 darts! You are hit by the 1st dart! You recoil from the touch of iron! You are hit by the 2nd dart! You recoil from the touch of iron! In what direction? The magic missile hits the gnome lord! The gnome lord jumps onto a teleport trap! The gnome lord vanishes and reappears next to you. In what direction? You kill the gnome lord! The magic missile bounces! The magic missile bounces! The magic missile bounces! The magic missile hits you! Some missiles bounce off! In what direction? You kill the giant rat! The magic missile bounces! You stumble. You make a lot of noise! You feel full of energy. You hear an E flat squeak in the distance. You hear a wolf howling at the moon. The werewolf picks up a hooded cloak. You stop waiting. In what direction? The magic missile hits the werewolf! The magic missile bounces! The werewolf hurls a golden potion! The flask crashes on your head and breaks into shards. The golden potion evaporates. Something seems to be holding you. The werewolf changes into a wolf. The werewolf bites! You feel feverish. The werewolf bites! You can move again. In what direction? The magic missile hits the werewolf! The werewolf bites! The werewolf bites! You die... Do you want your possessions identified? [ynq] (y) Major events: Turn 1: UristMcRaven the chaotic female elven Wizard entered the dungeon 537: attained the rank of Conjurer (level 3) 1720: entered the Gnomish Mines 3468: attained the rank of Thaumaturge (level 6) 5757: killed by a werewolf Inventory: Inventory: 608/575 weight (40/52 slots) Coins ('$') $ - 447 gold pieces {4} Amulets ('"') o - a cursed iron amulet of strangulation {22} Weapons (')') l - 6 uncursed +0 darts {6} t - a cursed -1 silver dagger {11} u - an uncursed +0 wooden orcish dagger {3} M - 3 uncursed +0 wooden darts {2} Q - 3 blessed +0 darts {3} V - 18 uncursed +0 daggers {180} Y - 6 blessed +1 shuriken (at the ready) {6} Armor ('[') b - an uncursed +0 cloak of magic resistance (being worn) {8} f - a cursed -2 pair of mithril dwarvish boots (being worn) {24} j - a cursed -2 pair of gauntlets of fumbling (being worn) {8} k - an uncursed +0 bone orcish helm (being worn) {7} Comestibles ('%') r - an uncursed slime mold {5} B - 5 uncursed food rations {100} C - 2 uncursed fortune cookies {2} Scrolls ('?') v - an uncursed scroll of create monster {5} E - an uncursed scroll of identify {5} S - an uncursed scroll of teleportation {5} X - an uncursed scroll of amnesia {5} Spellbooks ('+') d - a blessed spellbook of magic missile (wielded) {13} Wands ('/') q - an uncursed wand of digging (0:4) {7} D - an uncursed wand of nothing (0:13) {7} T - an uncursed wand of magic missile (0:7) {7} Potions ('!') P - an uncursed potion of invisibility {20} R - an uncursed potion of levitation {20} Z - an uncursed potion of water {20} Tools ('(') c - an uncursed leather blindfold {3} e - an uncursed stethoscope {4} g - an uncursed blindfold {2} h - an uncursed tooled horn {18} m - an uncursed oil lamp {20} A - an uncursed plastic skeleton key {1} G - an uncursed +0 wooden pick-axe {37} Gems/Stones ('*') a - an uncursed worthless piece of red glass {1} i - an uncursed worthless piece of yellowish brown glass {1} n - 3 uncursed worthless pieces of blue glass {3} p - a cursed luckstone {10} s - an uncursed worthless piece of black glass {1} O - an uncursed worthless piece of orange glass {1} W - an uncursed citrine stone {1} UristMcRaven the Wizard's attributes: Background: You were a Thaumaturge, a level 7 female elven Wizard. You were chaotic, nominally on a mission for Anhur who was opposed by Ptah (lawful) and Thoth (neutral). You were heterosexual. You were in the Gnomish Mines, on level 7. You entered the dungeon 5757 turns ago. You had 1016 experience points, 264 more were needed to attain level 8. Basics: You had 0 out of 48 hit points. You had 59 out of 76 energy points (spell power). Your armor class was 9. Your wallet contained 447 zorkmids. Autopickup was on for '$"=/!?+' plus thrown, with exceptions. Final Characteristics: Your strength was 5 (peak:9, limit:18). Your dexterity was 13 (peak:14, limit:18). Your constitution was 16 (limit:16). Your intelligence was 18 (limit:20). Your wisdom was 10 (limit:20). Your charisma was 11 (limit:18). Final Status: You fumbled. You were satiated. You were burdened; movement was slightly slowed. You were wielding a spellbook. Final Attributes: You were piously aligned. You were magic-protected. You were cold resistant. You were sleep resistant. You were level-drain resistant. You were telepathic. You had infravision. You were warded. You were a werewolf. You were harmed by iron. You were harmed by silver. You were unlucky. You had reduced luck. Bad luck did not time out for you. You are dead. Miscellaneous: You disabled loading of bones levels. Total elapsed playing time was 44 minutes and 49 seconds. Vanquished creatures: a dwarf ruler a dog a housecat a blue jelly a water nymph 6 bugbears 2 Mordor orcs a rock piercer a pony a yellow light 5 gnome leaders a giant ant 3 floating eyes 6 dwarves a kobold leader 3 hill orcs 3 dwarf zombies 3 iguanas 3 coyotes 4 hobbits 3 large kobolds 8 hobgoblins a giant rat a cave spider a brown mold 3 yellow molds 30 gnomes 8 garter snakes 2 gnome zombies a gecko 2 jackals 2 foxes 2 kobolds 7 goblins 2 sewer rats 6 grid bugs 8 lichens 4 kobold zombies 4 newts 143 creatures vanquished. No species were genocided or became extinct. Voluntary challenges: You were an atheist. You never hit with a wielded weapon. You read items or engraved 1 time. You never genocided any monsters. You never polymorphed an object. You never changed form. You never touched an artifact. You used no wishes. You never owned a pet. You never scared an enemy with impunity. You were celibate. You never generated conflict. Achievements: You attained the rank of Conjurer. You entered a shop. You entered the Gnomish Mines. You attained the rank of Thaumaturge. The Dungeons of Doom: levels 1 to 7 Level 1: "vault tp" Level 2: A general store. Level 3: A bookstore. Level 4: A general store, a fountain. Stairs down to The Gnomish Mines. Level 5: A throne. Level 6: Level 7: The Gnomish Mines: levels 5 to 8 Level 5: Level 6: Level 7: <- You were here. Final resting place for you, killed by a werewolf. Level 8: Game over: __________ / \ / REST \ / IN \ / PEACE \ / \ | UristMcRaven | | 447 Au | | killed by a | | werewolf | | | | | | 2022 | *| * * * | * _________)/\\_//(\/(/\)/\//\/|_)_______ Goodbye UristMcRaven the Wizard... You died in The Gnomish Mines on dungeon level 7 with 4817 points, and 447 pieces of gold, after 5757 moves. You were level 7 with a maximum of 48 hit points when you died.